 Dungeon Crawl Stone Soup version 0.29.1-1-gd02db6906a (webtiles) character file.

Game seed: 679282892445403709

110 Descartes the Scratcher (level 4, -2/19 HPs)
             Began as a Felid Transmuter on Oct 7, 2022.
             Slain by an adder (3 damage)
             ... on level 3 of the Dungeon.
             The game lasted 00:08:09 (4037 turns).

Descartes the Scratcher (Felid Transmuter)          Turns: 4037, Time: 00:08:10

Health: -2/19      AC:  1    Str:  8    XL:     4   Next: 61%
Magic:  8/8        EV: 18    Int: 14    God:
Gold:   198        SH:  0    Dex: 16    Spells: 7/8 levels left
                                        Lives:  0   Deaths: 1

rFire   + . .      SeeInvis +     - Unarmed
rCold   + . .      Faith    .   (shield unavailable)
rNeg    . . .      Spirit   .   (body armour unavailable)
rPois   +          Reflect  .   (helmet unavailable)
rElec   +          Harm     .   (cloak unavailable)
rCorr   +          Rampage  .   (gloves unavailable)
Will    .....                   (boots unavailable)
Stlth   ++........              (no amulet)
HPRegen 0.06/turn               (no ring)
MPRegen 0.11/turn               (no ring)

@: appendages (expiring), resistant, quick
A: horns 2, very small, claws 1, fangs 3, see invisible, speed 1, shaggy fur 1,
stealthy paws, no weapons or thrown items, no armour, multi-lived
a: End Transformation


You were on level 3 of the Dungeon.
You had temporarily grown beastly horns.
You visited 1 branch of the dungeon, and saw 3 of its levels.
You also visited: Sewer.

You collected 198 gold pieces.

Inventory:

Jewellery
 d - a ring of protection from cold
Scrolls
 c - 2 scrolls of butterflies
 e - 2 scrolls of magic mapping {unknown}
 g - a scroll of summoning
 i - 2 scrolls of poison
 j - 3 scrolls of teleportation
 m - a scroll of amnesia {unknown}
 n - a scroll of blinking {unknown}
Potions
 a - a potion of invisibility {unknown}
 f - a potion of magic {unknown}
 k - a potion of heal wounds {unknown}
 l - a potion of flight


   Skills:
 + Level 1.7 Fighting
 + Level 3.4 Dodging
 + Level 2.1 Stealth
 * Level 3.7 Unarmed Combat
 + Level 2.5 Spellcasting
 + Level 2.0 Translocations
 + Level 2.7 Transmutations
 + Level 1.0 Poison Magic
 + Level 1.4 Invocations


You had 7 spell levels left.
You knew the following spells:

 Your Spells              Type           Power      Damage    Failure   Level
a - Beastly Appendage     Tmut           18%        N/A       8%          1

Your spell library contained the following spells:

 Spells                   Type           Power      Damage    Failure   Level
 Wereblood                Tmut           9%         N/A       11%         2
 Spider Form              Tmut/Pois      7%         N/A       30%         3
 Ice Form                 Ice/Tmut       5%         N/A       77%         4


Dungeon Overview and Level Annotations

Branches:
Dungeon (3/15)              Sewer (visited)

Altars:
Okawaru

Shops:
D:1 (


Innate Abilities, Weirdness & Mutations

You have temporarily grown beastly horns.
You have sharp claws.
You have razor-sharp teeth.
You have supernaturally acute eyesight. (SInv)
You cover ground quickly. (Speed+)
You are covered in fur. (AC +1)
Your paws help you pounce on unaware monsters.
You are incapable of wielding weapons or throwing items.
You cannot wear armour.
You gain extra lives every three experience levels.


Message History

The adder is heavily wounded.
The adder closely misses you.
You barely miss the adder.
The adder is heavily wounded.
The adder bites you.
You miss the adder.
The adder is heavily wounded.
Your transformation is almost over.
The adder bites you.
You are poisoned.
The adder poisons you! The adder misses you.
You barely miss the adder. Your headbutt misses the adder.
The adder is heavily wounded.
You feel sick. The adder bites you.
You are too injured to fight recklessly!
You are too injured to fight recklessly!
You are too injured to fight recklessly!
You closely miss the adder.
The adder is heavily wounded.
* * * LOW HITPOINT WARNING * * *
You feel sick. The adder barely misses you.
You barely miss the adder.
The adder is heavily wounded.
* * * LOW HITPOINT WARNING * * *
You feel sick. The adder misses you.
You barely miss the adder. Your bite misses the adder.
The adder is heavily wounded.
* * * LOW HITPOINT WARNING * * *
You feel sick. The adder completely misses you.
It was a potion of resistance.
You feel protected.
* * * LOW HITPOINT WARNING * * *
You feel sick. The adder misses you. The adder bites you but does no damage.
You barely miss the adder.
The adder is moderately wounded.
* * * LOW HITPOINT WARNING * * *
You feel sick.
You are no longer poisoned.
The adder bites you.
You die...

#......#.....#
##.###...###
##### #.# ##.##
....# #.# #.#
#... #.# #.#
.##...####.# #.#
........##.# #.#
......S....## #.#
.......@#.†.###.#
?##...##.###.##.#
#.. #.# #....# ##
#.# #.####
##...## ...# ####


You could see an adder.

Vanquished Creatures
  A hell rat (Sewer)
  3 adders
  5 river rats (Sewer)
  A worm (D:2)
  2 dart slugs
  An orc (D:3)
  10 endoplasms
  2 giant cockroaches
  6 goblins
  4 hobgoblins
  2 jackals (D:2)
  6 kobolds
  5 quokkas
  2 ball pythons (D:2)
  4 bats
  3 frilled lizards (D:1)
  13 rats
70 creatures vanquished.

Notes
Turn   | Place    | Note
-------+----------+-------------------------------------------
     0 | D:1      | Descartes the Felid Transmuter began the quest for the Orb.
     0 | D:1      | Reached XP level 1. HP: 9/9 MP: 4/4
   112 | D:1      | Found a faded altar of an unknown god.
   307 | D:1      | Reached XP level 2. HP: 11/12 MP: 4/6
   742 | D:1      | Found Tayfirye's Antique Weapon Emporium.
   869 | D:1      | Reached skill level 1 in Translocations
  1098 | D:2      | Reached XP level 3. HP: 12/15 MP: 5/7
  2010 | D:2      | Reached skill level 1 in Stealth
  2285 | D:2      | Found an iron altar of Okawaru.
  2290 | D:2      | Reached skill level 1 in Invocations
  2597 | D:2      | Reached XP level 4. HP: 19/19 MP: 6/8
  2724 | D:3      | Found a glowing drain.
  2733 | Sewer    | Entered a sewer
  3019 | Sewer    | Reached skill level 1 in Poison Magic
  3072 | Sewer    | Mangled by a river rat
  3073 | Sewer    | Reached XP level 3. HP: -7/15 MP: 7/7
  3086 | Sewer    | Reached XP level 4. HP: 5/19 MP: 8/8
  4037 | D:3      | Slain by an adder

Illustrated notes

Levels and vault maps discovered:
D:1:      eino_arrival_tree_alley, layout_loops_ring,
          hellmonk_ecumenical_altar_leap_of_faith, serial_shops, shop
D:2:      layout_rooms, basic_altar
D:3:      layout_loops_ring, portal_sewer_entry_d, minmay_hedge_maze,
          kennysheep_pointless_box

Skill      XL: |  1  2  3  4 |
---------------+-------------+-----
Translocations | 1 2 |  2.0
Dodging        | 3 |  3.4
Stealth        | 1 2 |  2.1
Invocations    | 1 |  1.4
Poison Magic   | 1 |  1.0
Fighting       | |  1.7
Unarmed Combat | |  3.7
Spellcasting   | |  2.5
Transmutations | |  2.7

Action                   |  1- 3 |  4- 6 || total
-------------------------+-------+-------++-------
Melee: Unarmed           |   123 |    93 ||   216
       Headbutt          |    22 |     9 ||    31
       Bite              |     6 |     7 ||    13
       Punch             |     2 |     1 ||     3
 Cast: Beastly Appendage |    27 |    13 ||    40
  Use: Potion            |     2 |     4 ||     6
       Scroll            |       |     4 ||     4
 Stab: Sleeping          |     1 |       ||     1
Armor: Skin              |     6 |    14 ||    20
Dodge: Dodged            |   109 |    61 ||   170
